 Dungeon Crawl Stone Soup version 0.21-a0-297-ga3d34c2 (console) character file.

122 nht the Slinger (level 5, -1/43 HPs)
             Began as a Gnoll Hunter on Sept 28, 2017.
             Was an Initiate of Okawaru.
             Slain by a wight
             ... wielding a cursed +0 war axe
              (6 damage)
             ... on level 4 of the Dungeon.
             The game lasted 00:03:32 (1934 turns).

nht the Slinger (Gnoll Hunter)                      Turns: 1934, Time: 00:03:33

Health: -1/43      AC:  3    Str: 13 (14) XL:     5   Next: 6%
Magic:  6/6        EV: 13    Int: 12 (15) God:    Okawaru [......]
Gold:   135        SH:  0    Dex: 14 (15) Spells: 6/6 levels left

rFire    . . .     SeeInvis .   a - +1 hunting sling
rCold    . . .     Gourm    .   (no shield)
rNeg     . . .     Faith    .   c - +0 leather armour
rPois    .         Spirit   .   (no helmet)
rElec    .         Reflect  .   (no cloak)
rCorr    .         Harm     .   (no gloves)
MR       .....                  (no boots)
Stlth    ++........             g - amulet of inaccuracy (curse)
HPRegen  0.14/turn              (no ring)
MPRegen  0.10/turn              (no ring)

@: lethally poisoned (-1 -> -4), heavily drained
A: distributed training, fangs 1, strong nose
a: Renounce Religion


You were on level 4 of the Dungeon.
You worshipped Okawaru.
Okawaru was noncommittal.
You were not hungry.

You visited 1 branch of the dungeon, and saw 4 of its levels.

You collected 135 gold pieces.

Inventory:

Hand Weapons
 a - a +1 hunting sling (weapon)
 b - a +0 short sword
 h - a +1 dagger of venom
Missiles
 e - a stone (quivered)
Armour
 c - a +0 leather armour (worn)
Jewellery
 g - a cursed amulet of inaccuracy (around neck)
 t - an uncursed ring of protection from fire
Scrolls
 j - 2 scrolls of fog
Potions
 k - a potion of haste
 l - a potion of heal wounds
 m - a potion of flight
Comestibles
 f - 4 bread rations
 i - 2 fruits
 p - 2 meat rations
 q - a royal jelly
 w - 9 chunks of flesh


   Skills:
 + Level 4.5(3.2) Fighting
 + Level 1.3(0.1) Short Blades
 + Level 1.7(0.5) Long Blades
 + Level 0.8(0.0) Axes
 + Level 0.8(0.0) Maces & Flails
 + Level 1.7(0.5) Polearms
 + Level 2.3(1.1) Staves
 + Level 8.8(7.3) Slings
 + Level 0.0 Bows
 + Level 1.7(0.5) Crossbows
 + Level 0.0 Throwing
 + Level 0.8(0.0) Armour
 + Level 4.7(3.4) Dodging
 + Level 2.6(1.4) Stealth
   Level 0.0 Stabbing
 + Level 1.7(0.5) Shields
   Level 0.0 Traps
 + Level 1.3(0.1) Unarmed Combat
 + Level 1.3(0.1) Spellcasting
 + Level 1.3(0.1) Conjurations
 + Level 0.8(0.0) Hexes
 + Level 0.8(0.0) Charms
 + Level 0.8(0.0) Summonings
 + Level 1.3(0.1) Necromancy
 + Level 1.3(0.1) Translocations
 + Level 0.8(0.0) Transmutations
 + Level 1.3(0.1) Fire Magic
 + Level 1.7(0.5) Ice Magic
 + Level 1.3(0.1) Air Magic
 + Level 1.3(0.1) Earth Magic
 + Level 0.8(0.0) Poison Magic
 + Level 1.3(0.1) Invocations
 + Level 1.3(0.1) Evocations


You had 6 spell levels left.
You didn't know any spells.

Dungeon Overview and Level Annotations

Branches:
Dungeon (4/15)
 Temple: D:4-7

Altars:
Cheibriados
Gozag
Kikubaaqudgha
Okawaru
Sif Muna


Innate Abilities, Weirdness & Mutations

Your experience applies equally to all skills.
You have very sharp teeth.
Your uncanny sense of smell can sniff out nearby items.


Message History

* * * LOW HITPOINT WARNING * * *
You feel drained.
* * * LOW HITPOINT WARNING * * *
You are too injured to fight recklessly!
You are too injured to fight recklessly!
You are too injured to fight recklessly!
Firing (i - inventory):
e - 3 stones (quivered)
Press: ? - help, Shift-Dir - straight line, f/p - wight
Aim: a wight, wielding a war axe and wearing a robe (almost destroyed)
You shoot a stone.
The stone hits the wight but does no damage.
The wight is almost destroyed.
You feel sick. The adder bites you.
* * * LOW HITPOINT WARNING * * *
Firing (i - inventory):
e - 2 stones (quivered)
Press: ? - help, Shift-Dir - straight line, f/p - wight
Aim: a wight, wielding a war axe and wearing a robe (almost destroyed)
You shoot a stone. The stone closely misses the wight.
The adder misses you. The wight hits you with a war axe.
You die...

.....%...
.......
......
.....
█...█ ∆
███...██
+..S...█
█..@...█
█...z..+


█+██████ You could see a wight and an adder.

Vanquished Creatures
  2 adders
  An ooze (D:1)
  4 worms
  5 dart slugs
  A leopard gecko (D:3)
  5 orcs (D:3)
  A ball python (D:2)
  3 giant cockroaches
  6 goblins
  5 hobgoblins
  10 jackals
  7 bats
  6 frilled lizards
  8 kobolds
  7 rats
71 creatures vanquished.

Notes
Turn   | Place    | Note
-------+----------+-------------------------------------------
     0 | D:1      | nht the Gnoll Hunter began the quest for the Orb.
     0 | D:1      | Reached XP level 1. HP: 20/20 MP: 1/1
    22 | D:1      | Reached skill level 1 in Ice Magic
    22 | D:1      | Reached XP level 2. HP: 16/26 MP: 2/2
   152 | D:1      | Reached skill level 1 in Spellcasting
   163 | D:1      | Reached skill level 1 in Shields
   205 | D:1      | Reached skill level 1 in Evocations
   205 | D:1      | Reached XP level 3. HP: 22/31 MP: 4/4
   208 | D:1      | Reached skill level 1 in Crossbows
   475 | D:2      | Reached skill level 1 in Fire Magic
   495 | D:2      | Reached skill level 1 in Air Magic
   503 | D:2      | Reached skill level 1 in Staves
   645 | D:2      | Found an iron altar of Okawaru.
   680 | D:2      | Reached skill level 1 in Long Blades
   680 | D:2      | Reached skill level 1 in Earth Magic
   681 | D:2      | Found a snail-covered altar of Cheibriados.
   691 | D:2      | Reached skill level 1 in Short Blades
   691 | D:2      | Reached skill level 1 in Polearms
   691 | D:2      | Reached XP level 4. HP: 38/38 MP: 5/5
   736 | D:2      | Reached skill level 1 in Unarmed Combat
   896 | D:2      | Reached skill level 1 in Necromancy
  1023 | D:2      | Found a deep blue altar of Sif Muna.
  1023 | D:2      | Found an ancient bone altar of Kikubaaqudgha.
  1024 | D:2      | Found an opulent altar of Gozag.
  1138 | D:2      | Became a worshipper of Warmaster Okawaru
  1410 | D:3      | Reached skill level 1 in Invocations
  1687 | D:3      | Reached skill level 1 in Translocations
  1841 | D:3      | Reached skill level 1 in Conjurations
  1841 | D:3      | Reached XP level 5. HP: 35/43 MP: 6/6
  1934 | D:4      | Slain by a wight

Vault maps used:
D:1:      scummos_arrival_simple_fountains
D:2:      gammafunk_temple_overflow_claw, lemuel_round_altar,
          kennysheep_slug_shrine
D:3:      minmay_misc_feat_tiny

Skill      XL: |  1  2  3  4 |
---------------+-------------+-----
Ice Magic      | 1 |  1.7
Spellcasting   | 1 |  1.3
Shields        | 1 |  1.7
Evocations     | 1 |  1.3
Crossbows      | 1 |  1.7
Fire Magic     | 1 |  1.3
Air Magic      | 1 |  1.3
Staves         | 1 2 |  2.3
Long Blades    | 1 |  1.7
Earth Magic    | 1 |  1.3
Short Blades   | 1 |  1.3
Polearms       | 1 |  1.7
Unarmed Combat | 1 |  1.3
Necromancy     | 1 |  1.3
Invocations    | 1 |  1.3
Translocations | 1 |  1.3
Conjurations   | 1 |  1.3
Fighting       | |  4.5
Axes           | |  0.8
Maces & Flails | |  0.8
Slings         | |  8.8
Armour         | |  0.8
Dodging        | |  4.7
Stealth        | |  2.6
Hexes          | |  0.8
Charms         | |  0.8
Summonings     | |  0.8
Transmutations | |  0.8
Poison Magic   | |  0.8

Action                   |  1- 3 |  4- 6 || total
-------------------------+-------+-------++-------
 Fire: Hunting sling     |   105 |   127 ||   232
  Use: Scroll            |       |     7 ||     7
       Potion            |       |     6 ||     6
  Eat: Chunk             |       |     3 ||     3
Armor: Leather armour    |     9 |    11 ||    20
Dodge: Dodged            |    37 |    39 ||    76

Table legend:
 A = Spawn XP
 B = Non-spawn XP
 C = Spawn XP percentage of total XP
 D = Spawn monster count
 E = Non-spawn monster count
 F = Spawn count percentage of total count
 G = Total turns spent on level
                    A         B        C        D         E        F      G
               +---------+---------+-------+---------+---------+-------+---------
         Total |       0 |     175 |   0.0 |       0 |      71 |   0.0 |  1934
               +---------+---------+-------+---------+---------+-------+---------
           D:1 |       0 |      47 |   0.0 |       0 |      26 |   0.0 |   422
           D:2 |       0 |      74 |   0.0 |       0 |      27 |   0.0 |   977
           D:3 |       0 |      54 |   0.0 |       0 |      18 |   0.0 |   517
               +---------+---------+-------+---------+---------+-------+---------
